 Dungeon Crawl Stone Soup version 0.31.0-32-g396128a36d (webtiles) character file.

Game seed: 11321018304688204938

6022 Peloso the Carver (level 10, 0/90 HPs)
             Began as a Minotaur Fighter on Mar 21, 2024.
             Was an Elder of Okawaru.
             Slain by a jumping spider (6 damage)
             ... in a Gauntlet.
             The game lasted 00:24:09 (9666 turns).

Peloso the Carver (Minotaur Fighter)                Turns: 9666, Time: 00:24:10

Health: 0/90       AC: 16    Str: 25    XL:     10   Next: 56%
Magic:  9/9        EV:  9    Int:  5    God:    Okawaru [****..]
Gold:   167        SH:  6    Dex: 20    Spells: 9/9 levels left

rFire   + . .        a - +0 long sword
rCold   . . .        d - +0 buckler
rNeg    . . .        w - +0 plate armour
rPois   .            (helmet restricted)
rElec   +            (no cloak)
rCorr   .            c - +0 pair of gloves
SInv    .            (no boots)
Will    .....        y - amulet "Coniblots" {Acrobat rElec rF+ Str+4} Stlth
                     D - +4 ring of protection
HPRegen 0.35/turn    I - +6 ring of dexterity
MPRegen 0.11/turn

%: no teleportation, acrobat
@: corroded, hasted, very quick
A: horns 2, retaliatory headbutt
a: Renounce Religion, Heroism, Finesse


You were in a Gauntlet.
You worshipped Okawaru.
Okawaru was greatly pleased with you.
You visited 2 branches of the dungeon, and saw 12 of its levels.
You also visited: Sewer and Gauntlet.

You collected 454 gold pieces.
You spent 287 gold pieces at shops.

Inventory:

Hand Weapons
 a - a +0 long sword (weapon)
 b - a +2 short sword of flaming
Armour
 c - a +0 pair of gloves (worn)
 d - a +0 buckler (worn)
 k - a +0 scale mail of fire resistance
 w - a +0 plate armour (worn)
Jewellery
 m - a ring of magical power
 q - the amulet of Ixoveorr {Acrobat Dex+3}
   (You found it on level 2 of the Dungeon)

   [amulet of the acrobat]

   Acrobat:   It increases your evasion while moving and waiting.
   Dex+3:     It affects your dexterity (+3).
 x - a ring of fire
 y - the amulet "Coniblots" (around neck) {Acrobat rElec rF+ Str+4}
   (You bought it in a shop on level 5 of the Dungeon)

   [amulet of the acrobat]

   Acrobat:   It increases your evasion while moving and waiting.
   Str+4:     It affects your strength (+4).
   rF+:       It protects you from fire.
   rElec:     It insulates you from electricity.
 C - a +6 ring of dexterity
 D - a +4 ring of protection (left hand)
 H - a ring of protection from cold
 I - a +6 ring of dexterity (right hand)
 L - a +6 ring of dexterity
Talismans
 g - a blade talisman
Wands
 n - a wand of iceblast (4)
 J - a wand of digging (5)
 M - a wand of quicksilver (3)
Scrolls
 e - a scroll of fog {unknown}
 f - a scroll of fear
 h - 4 scrolls of enchant weapon
 i - a scroll of acquirement
 j - a scroll of enchant armour
 l - 4 scrolls of amnesia
 o - a scroll of identify
 r - 6 scrolls of teleportation
 u - a scroll of revelation
 v - a scroll of silence
 G - 2 scrolls of blinking {unknown}
 K - a scroll of vulnerability {unknown}
Potions
 p - 2 potions of enlightenment
 s - 3 potions of mutation
 z - 2 potions of resistance {unknown}
 A - 2 potions of invisibility {unknown}
 B - a potion of brilliance {unknown}
 N - a potion of attraction {unknown}


   Skills:
 + Level 8.8 Fighting
 + Level 12.2 Long Blades
 + Level 10.3 Armour
 + Level 3.4 Dodging
 + Level 1.2 Stealth
 + Level 7.1 Shields
 + Level 1.6 Evocations


You had 9 spell levels left.
You didn't know any spells.
Your spell library contained the following spells:

 Spells                   Type           Power      Damage    Failure   Level
 Foxfire                  Conj/Fire      0%         2x1d4     99%         1
 Magic Dart               Conj           0%         1d3       99%         1
 Necrotise                Necr           0%         1d4       99%         1
 Slow                     Hex            0%         N/A       99%         1
 Ensorcelled Hibernation  Hex/Ice        0%         N/A       100%        2
 Searing Ray              Conj           0%         2d4       100%        2
 Confusing Touch          Hex            0%         N/A       100%        3
 Fugue of the Fallen      Necr           0%         N/A       100%        3
 Sigil of Binding         Hex            0%         N/A       100%        3
 Vampiric Draining        Necr           0%         2d6       100%        3
 Anguish                  Hex/Necr       0%         N/A       100%        4
 Dimensional Bullseye     Hex/Tloc       0%         N/A       100%        4
 Fulminant Prism          Conj/Alch      0%         3d5       100%        4
 Iskenderun's Mystic Bla  Conj/Tloc      0%         2d3       100%        4
 Leda's Liquefaction      Alch/Erth      0%         N/A       100%        4
 Manifold Assault         Tloc           0%         N/A       100%        4
 Curse of Agony           Necr           0%         N/A       100%        5
 Lee's Rapid Deconstruct  Erth           0%         3d4*      100%        5
 Bombard                  Conj/Erth      0%         9d1       100%        6
 Dispersal                Tloc           0%         N/A       100%        6
 Plasma Beam              Fire/Air       0%         2x1d10    100%        6
 Starburst                Conj/Fire      0%         6d3       100%        6
 Disjunction              Tloc           0%         N/A       100%        8
 Tukima's Dance           Hex            Unusable   N/A       N/A         3
 Martyr's Knell           Necr/Summ      Unusable   N/A       N/A         4

Dungeon Overview and Level Annotations

Branches:
Dungeon (11/15)            Temple (1/1) D:5            Lair (0/5) D:9
  Sewer (visited)         Gauntlet (1/1)
    Orc: D:9-12

Altars:
Ashenzari
Cheibriados
Dithmenos
Elyvilon
Fedhas
Gozag
Hepliaklqana
Kikubaaqudgha
Makhleb
Nemelex Xobeh
Okawaru
Qazlal
Ru
Sif Muna
Trog
Uskayaw
Vehumet
Wu Jian
Xom
Yredelemnul
Zin
The Shining One

Shops:
D:2 ([![   D:5 (*(   D:7 *

Annotations:
D:9 3 runed translucent doors, H0rd4k's ghost, novice OpAr
D:10 Snorg Gauntlet 11 transporters


Innate Abilities, Weirdness & Mutations

You have a pair of horns on your head.
You reflexively headbutt those who attack you in melee.


Message History

* * * LOW HITPOINT WARNING * * *
Unknown command.
You feel better. The jumping spider pounces on you.
* * * LOW HITPOINT WARNING * * *
The jumping spider bites you but does no damage.
The wolf spider hits you but does no damage.
The wolf spider bites you but does no damage.
The entropy weaver points at you and mumbles some strange words.
The entropic weave corrodes you!
The jumping spider pounces on you but does no damage.
The jumping spider bites you but does no damage.
You feel yourself speed up. The wolf spider barely misses you.
The wolf spider bites you but does no damage.
The jumping spider pounces on you.
* * * LOW HITPOINT WARNING * * *
You are even more entangled.
The jumping spider bites you but does no damage.
The wolf spider hits you but does no damage.
The wolf spider bites you but does no damage.
You shred the net and break free!
The jumping spider pounces on you but does no damage.
The jumping spider bites you.
* * * LOW HITPOINT WARNING * * *
The wolf spider hits you!
* * * LOW HITPOINT WARNING * * *
The wolf spider bites you but does no damage.
You hit the jumping spider.
You headbutt the jumping spider, but do no damage.
The jumping spider is heavily wounded.
The jumping spider pounces on you.
* * * LOW HITPOINT WARNING * * *
You are caught in a web!
The jumping spider bites you but does no damage.
Okay, then.
You struggle to detach yourself from the web.
The jumping spider pounces on you but does no damage.
The jumping spider bites you but does no damage.
Unknown command.
The web tears apart.
The jumping spider pounces on you.
You die...

#..#.^###.#.##.8.##°.°
###..#.#.^#...^#...#.#°°°
8#..##.#.#.##.#####..#○..
#..#..^.####[#...#..☼#^#.
#.©###.#.##.©#©.©#.○.©#..
###..##.#..###!#...#○..#^#.
#8#..#.##.#^.!######R.#...#
###..#.#B##..#^#...#E#E....
#..##^ss@.####§.§##hE..°.
###..###########...########
#8#§.§...........≈§........
###§...∩........≈8§........
#§§§...........≈.........
###§§###########...########
#8#..#...^5^...#...#G..#...
###..#.^##.##^.#...#G.#..##
#..#.##...##!#...#..##..#


You could see an entropy weaver, a wolf spider, a jumping spider and a shadow
imp.

Vanquished Creatures
  A two-headed ogre (D:11)
  A deep elf pyromancer (D:11)
  2 elephants (D:9)
  A gargoyle (D:8)
  A komodo dragon (D:10)
  A wraith (D:9)
  A steam dragon (D:8)
  A black bear (D:9)
  2 orc warriors (D:7)
  2 sky beasts (D:7)
  An ice beast (D:5)
  3 ogres
  A centaur (D:8)
  10 kobold brigands
  3 bullfrogs
  4 scorpions
  10 killer bees
  4 howler monkeys
  3 hounds
  4 jellies
  An orc priest (D:7)
  2 bombardier beetles
  A gnoll bouda (D:7)
  3 iguanas
  A sleepcap (D:5)
  Natasha (D:3)
  6 orc wizards
  8 gnolls
  A river rat (Sewer)
  12 adders
  A shadow imp (D:7)
  4 white imps
  4 dart slugs
  3 ribbon worms
  21 orcs
  9 ball pythons
  7 bats
  11 endoplasms
  3 giant cockroaches
  6 goblins
  4 hobgoblins
  22 kobolds
  4 quokkas
  3 frilled lizards
  12 rats
206 creatures vanquished.

Notes
Turn   | Place    | Note
-------+----------+-------------------------------------------
     0 | D:1      | Peloso the Minotaur Fighter began the quest for the Orb.
     0 | D:1      | Reached XP level 1. HP: 19/19 MP: 0/0
    89 | D:1      | Reached XP level 2. HP: 21/27 MP: 1/1
   814 | D:2      | Found Xenot's Distillery.
   821 | D:2      | Reached XP level 3. HP: 33/33 MP: 2/2
   823 | D:2      | Reached skill level 3 in Long Blades
  1088 | D:2      | Found Vaminko's Antique Armour Shoppe.
  1129 | D:2      | Found Nuotout's Antique Armour Boutique.
  1203 | D:2      | Found a shimmering blue altar of Sif Muna.
  1283 | D:2      | Found Rolonuph's Antique Weapon Shoppe.
  1436 | D:2      | Identified the amulet of Ixoveorr {Acrobat Dex+3}
  1522 | D:3      | Identified the +0 leather armour "Docient" {rN+ rCorr
                  | Int-3}
  1524 | D:3      | Reached XP level 4. HP: 40/40 MP: 3/3
  1543 | D:2      | Reached skill level 4 in Long Blades
  1603 | D:3      | Reached skill level 1 in Dodging
  1716 | D:3      | Found a faded altar of an unknown god.
  1983 | D:4      | Noticed Natasha
  1995 | D:3      | Killed Natasha
  1996 | D:3      | Reached XP level 5. HP: 40/46 MP: 4/4
  2029 | D:4      | Reached skill level 5 in Long Blades
  2313 | D:4      | Reached XP level 6. HP: 52/55 MP: 5/5
  2320 | D:4      | Reached skill level 5 in Armour
  2946 | D:2      | Bought a potion of mutation for 112 gold pieces
  2989 | D:5      | Entered Level 5 of the Dungeon
  3026 | D:5      | Noticed an ice beast
  3040 | D:5      | Killed an ice beast
  3041 | D:5      | Reached skill level 5 in Fighting
  3041 | D:5      | Reached skill level 6 in Long Blades
  3054 | D:5      | Reached XP level 7. HP: 15/61 MP: 6/6
  3254 | D:5      | Found a glowing drain.
  3290 | Sewer    | Entered a sewer
  3369 | Sewer    | Reached skill level 7 in Long Blades
  4019 | Sewer    | Reached skill level 8 in Long Blades
  4032 | Sewer    | Reached XP level 8. HP: 69/69 MP: 7/7
  4261 | Sewer    | Identified a scroll of acquirement
  4414 | D:5      | Found an ornate altar of the Wu Jian Council.
  4432 | D:5      | Found a staircase to the Ecumenical Temple.
  4460 | Temple   | Entered the Ecumenical Temple
  4477 | Temple   | Became a worshipper of Warmaster Okawaru
  4519 | D:5      | Reached skill level 5 in Shields
  4781 | D:5      | Found Ypusoz's Assorted Antiques.
  4781 | D:5      | Found Myeptat's Weapon Boutique.
  4783 | D:5      | Found Bidor's Antique Weapon Boutique.
  4795 | D:5      | Bought a shimmering emerald amulet for 130 gold pieces
  4795 | D:5      | Identified the amulet "Coniblots" {Acrobat rElec rF+ Str+4}
                  | (You bought it in a shop on level 5 of the Dungeon)
  5189 | D:6      | Reached skill level 9 in Long Blades
  5685 | D:6      | Found a bloodstained altar of Trog.
  6389 | D:6      | Reached XP level 9. HP: 40/78 MP: 8/8
  6391 | D:6      | Reached skill level 10 in Long Blades
  6838 | D:7      | Reached * piety under Okawaru
  6864 | D:7      | Found Haol's CLEARANCE SALE!.
  6868 | D:7      | Bought a scroll of enchant weapon for 45 gold pieces
  7078 | D:7      | Reached skill level 1 in Stealth
  7637 | D:7      | Reached ** piety under Okawaru
  7856 | D:8      | Noticed a gargoyle
  7867 | D:8      | Killed a gargoyle
  7870 | D:8      | Reached skill level 11 in Long Blades
  8555 | D:9      | Found a runed translucent gate.
  8555 | D:9      | Found a runed translucent gate.
  8555 | D:9      | Found a runed translucent gate.
  8556 | D:9      | Noticed a kobold demonologist
  8570 | D:9      | Noticed H0rd4k's ghost (novice OpAr)
  8788 | D:9      | Found a shadowy altar of Dithmenos.
  8815 | D:9      | Noticed an elephant
  8836 | D:9      | Killed an elephant
  8836 | D:9      | Reached *** piety under Okawaru
  8837 | D:9      | Reached XP level 10. HP: 86/88 MP: 9/9
  8900 | D:9      | Noticed an elephant
  8932 | D:9      | Killed an elephant
  8933 | D:9      | Reached skill level 1 in Evocations
  9001 | D:9      | Found a staircase to the Lair.
  9261 | D:10     | Entered Level 10 of the Dungeon
  9269 | D:10     | Noticed Snorg
  9341 | D:10     | Reached **** piety under Okawaru
  9342 | D:10     | Reached skill level 10 in Armour
  9404 | D:11     | Noticed a deep elf pyromancer
  9404 | D:11     | Noticed a two-headed ogre
  9411 | D:11     | Killed a deep elf pyromancer
  9416 | D:11     | Killed a two-headed ogre
  9417 | D:11     | Reached skill level 12 in Long Blades
  9430 | D:11     | Found a gate leading to a gauntlet.
  9442 | Gauntlet | Entered a Gauntlet
  9442 | Gauntlet | Noticed an entropy weaver
  9442 | Gauntlet | Noticed a wolf spider
  9442 | Gauntlet | Noticed an arcanist
  9442 | Gauntlet | Found a transporter.
  9442 | Gauntlet | Found a transporter.
  9442 | Gauntlet | Found a transporter.
  9446 | Gauntlet | Found a transporter.
  9457 | Gauntlet | Found a transporter.
  9458 | Gauntlet | Noticed a shining eye
  9460 | Gauntlet | Found a transporter.
  9460 | Gauntlet | Found a transporter.
  9483 | Gauntlet | Found a transporter.
  9485 | Gauntlet | Found a transporter.
  9489 | Gauntlet | Noticed a sixfirhy
  9491 | Gauntlet | Found a transporter.
  9492 | Gauntlet | Noticed a moth of wrath
  9549 | Gauntlet | Found a transporter.
  9576 | Gauntlet | Found a transporter.
  9666 | Gauntlet | Slain by a jumping spider

Illustrated notes

Levels and vault maps discovered:
D:1:      orjb1_lava_funnel, layout_basic, hex_tiny
D:2:      layout_loops_ring, serial_shops, nicolae_shop_pleasant_corner_grove,
          shop, nicolae_shop_behind_doors, nicolae_shop_industrial_runoff,
          basic_altar
D:3:      layout_rooms, shapermc_ecumenical_altar_pompeii
D:4:      layout_cave_pools, kennysheep_decorative_pillar,
          nicolae_zig_zag_zippers, uniq_natasha
D:5:      layout_basic, lemuel_crystal_altar, minmay_temple_entry_butterflies,
          cheibrodos_sewer_entry_bend, nicolae_concentric_dashed_squares_mild,
          minivault_25, nicolae_shop_distant_corner_stores, minmay_bent
D:6:      layout_basic, bloody_trog, roderic_roman_lattice
D:7:      layout_cave_pods, nicolae_shop_clearance
D:8:      minmay_general_purpose_star, layout_cave_pools, serial_rivers,
          chequers_serial_rivers_large_b, chequers_serial_rivers_micro_e,
          chequers_serial_rivers_micro_a, chequers_serial_rivers_large_a,
          chequers_serial_rivers_micro_d, grunt_ministairs_2
D:9:      layout_roguey, grunt_dithmenos_smoke, grunt_lair_entry_orc_guard_hut,
          gammafunk_ghost_nasty_kobolds
D:10:     layout_irregular_city, david_orc_2, uniq_snorg
D:11:     layout_roguey, gauntlet_entry_generic,
          portal_ice_cave_entry_ice_simulacra, serial_shops, bzr_entry_water,
          led_sif_pool
Temple:   nicolae_temple_bog_church
Gauntlet: gammafunk_gauntlet_shortcut [gammafunk_gauntlet_arena_mazey,
          nicolae_gauntlet_arena_x, gammafunk_gauntlet_arena_split_diamond,
          gammafunk_gauntlet_arena_grid, gammafunk_gauntlet_arena_arrow_garden,
          gammafunk_gauntlet_arena_teeth, dreamdust_gauntlet_exit_labyrinth]

Skill      XL: |  1  2  3  4  5  6  7  8  9 10 |
---------------+-------------------------------+-----
Armour         | 4 5 6 7 9 10 | 10.3
Fighting       | 4 5 6 8 |  8.8
Long Blades    | 3 4 5 6 8 9 11 12 | 12.2
Shields        | 4 5 6 7 |  7.1
Dodging        | 1 2 3 |  3.4
Stealth        | 1 |  1.2
Evocations     | 1 |  1.6

Action                     |  1- 3 |  4- 6 |  7- 9 | 10-12 || total
---------------------------+-------+-------+-------+-------++-------
  Melee: Long sword        |   111 |    94 |   360 |    86 ||   651
         Headbutt          |    18 |    24 |    62 |    16 ||   120
 Invoke: Heroism           |       |       |       |     1 ||     1
  Evoke: Wand              |       |       |     9 |       ||     9
    Use: Potion            |     2 |       |       |     6 ||     8
         Scroll            |       |     1 |     6 |     5 ||    12
   Stab: Distracted        |       |       |     1 |       ||     1
 Armour: Scale mail        |    79 |    53 |   157 |       ||   289
         Plate armour      |       |       |   100 |   111 ||   211
  Dodge: Dodged            |    64 |    50 |   186 |    40 ||   340
  Block: Buckler           |    20 |    24 |    90 |    17 ||   151
